 Dungeon Sprint DCSS version 0.32-a0-643-ga006e7742e (webtiles) character file.

Game seed: 16947552695162932284

2538 rocky1 the Bludgeoner (level 9, -4/133 HPs)
             Began as a Mountain Dwarf Fighter on Mar 8, 2024.
             Was an Initiate of Gozag.
             Slain by Urug
             ... wielding a +2 halberd
              (23 damage)
             ... in the Dungeon (Sprint VII: "The Pits").
             The game lasted 00:04:09 (1925 turns).

rocky1 the Bludgeoner (Mountain Dwarf Fighter)      Turns: 1925, Time: 00:04:10

Health: -4/133     AC: 19    Str: 22    XL:     9   Next: 30%
Magic:  9/9        EV:  7    Int: 13    God:    Gozag
Gold:   1791       SH:  6    Dex: 12    Spells: 8/8 levels left

rFire   + . .        t - +2 morningstar of Brawling {pain, rCorr Stlth+}
rCold   + . .        c - +0 buckler
rNeg    . . .        w - +3 plate armour
rPois   +            v - +0 helmet
rElec   +            (no cloak)
rCorr   +            (no gloves)
SInv    .            (no boots)
Will    .....        (no amulet) Stlth
                     d - +3 ring of dexterity
HPRegen 0.42/turn    r - +3 ring of intelligence
MPRegen 0.11/turn

%: no teleportation
@: berserking (expiring), resistant, gold aura, very quick
A: runic magic, artefact enchanting
a: Renounce Religion, Potion Petition, Call Merchant, Bribe Branch


You were in the Dungeon.
You worshipped Gozag.
Gozag was most pleased with you.
You visited 1 branch You collected 1791 gold pieces.

Inventory:

Hand Weapons
 o - a +3 flail of protection
 t - the +2 morningstar of Brawling (weapon) {pain, rCorr Stlth+}
   (You found it in the Dungeon)

   rCorr:     It protects you from acid and corrosion.
   Stlth+:    It makes you more stealthy.
Armour
 c - a +0 buckler (worn)
 v - a +0 helmet (worn)
 w - a +3 plate armour (worn)
Jewellery
 d - a +3 ring of dexterity (left hand)
 r - a +3 ring of intelligence (right hand)
Wands
 q - a wand of polymorph (8)
Scrolls
 j - a scroll of blinking
 l - 2 scrolls of vulnerability
 m - 5 scrolls of amnesia
 n - a scroll of butterflies
Potions
 e - 7 potions of curing
 f - 4 potions of heal wounds
 g - a potion of haste
 h - 4 potions of magic
 i - a potion of berserk rage
 k - a potion of invisibility
 s - a potion of resistance
 u - a potion of brilliance


   Skills:
 + Level 11.2 Fighting
 - Level 16.0 Maces & Flails
 + Level 11.0 Armour
 + Level 11.1 Shields
 + Level 2.3 Necromancy


You had 8 spell levels left.
You didn't know any spells.
Your spell library was empty.

Dungeon Overview and Level Annotations

Branches:
Dungeon (1/1)

Altars:
Ashenzari
Cheibriados
Dithmenos
Elyvilon
Fedhas
Gozag
Hepliaklqana
Kikubaaqudgha
Makhleb
Nemelex Xobeh
Okawaru
Qazlal
Ru
Sif Muna
Trog
Uskayaw
Vehumet
Wu Jian
Xom
Yredelemnul
Zin
The Shining One
Beogh
Jiyva
Lugonu

Annotations:
D Urug


Innate Abilities, Weirdness & Mutations

Your spellcasting is much less encumbered by armour.
You can use scrolls of enchantment on lesser artefacts.


Message History

You hit Urug.
Urug is lightly wounded.
The liquid fire burns you! Urug hits you with a +2 halberd!
You closely miss Urug.
Urug is lightly wounded.
The liquid fire burns you!
You hit Urug.
Urug writhes in agony.
Urug is lightly wounded.
The liquid fire burns you!
* * * LOW HITPOINT WARNING * * *
Urug hits you with a +2 halberd!
* * * LOW HITPOINT WARNING * * *
You closely miss Urug.
Urug is lightly wounded.
The liquid fire burns you!
* * * LOW HITPOINT WARNING * * *
You sock Urug!
Urug writhes in agony.
Urug is heavily wounded.
The liquid fire burns you!
* * * LOW HITPOINT WARNING * * *
Urug hits you with a +2 halberd.
* * * LOW HITPOINT WARNING * * *
You sock Urug!
Urug writhes in agony.
Urug is severely wounded.
The liquid fire burns you!
* * * LOW HITPOINT WARNING * * *
You hit Urug but do no damage.
Urug writhes in agony.
Urug is severely wounded.
The liquid fire burns you!
* * * LOW HITPOINT WARNING * * *
You block Urug's attack.
You barely miss Urug.
Urug is severely wounded.
You hit Urug.
Urug is severely wounded.
Urug hits you with a +2 halberd!!
You die...
Urug says, "One more harpy dead."
Your body crumbles into a pile of gold.

___.# ___.#
_...###########++######
###'##................#
))'.##......#..#......#
###.##................+
.....'................+
'#####......#..#......#
.#.[##..........@.....#
.#))#####'#####'o######
##.)##.......##''#
.#))##.......##..##
.#..##.......##...##
##'###...<...###.$.#
....##.......#
##$.......
....##.......#
..###+###
######.......# S.##


You could see Urug.

Vanquished Creatures
  A death yak (D)
  A phantasmal warrior (D)
  A smoke demon (D)
  A glass eye (D)
  A fire bat (D)
  A water moccasin (D)
  Duvessa (D)
  2 orc warriors (D)
  A black bear (D)
  A laughing skull (D)
  Dowan (D)
  2 crimson imps (D)
  A quasit (D)
  2 orc priests (D)
  2 orc wizards (D)
  A gnoll (D)
  A river rat (D)
  2 white imps (D)
  8 orcs (D)
  2 endoplasms (D)
  A hobgoblin (D)
  A quokka (D)
  A ball python (D)
  A quokka zombie (D)
37 creatures vanquished.

Notes
Turn   | Place    | Note
-------+----------+-------------------------------------------
     0 | D        | rocky1 the Mountain Dwarf Fighter began the quest for the
                  | Orb.
     0 | D        | Reached XP level 1. HP: 19/19 MP: 1/1
    11 | D        | Noticed a glass eye
    47 | D        | Killed a glass eye
    48 | D        | Reached skill level 8 in Maces & Flails
    48 | D        | Reached XP level 2. HP: 31/31 MP: 2/2
    48 | D        | Reached XP level 3. HP: 38/38 MP: 3/3
    48 | D        | Reached XP level 4. HP: 45/45 MP: 4/4
    48 | D        | Reached XP level 5. HP: 51/51 MP: 5/5
    52 | D        | Found a bloodstained altar of Trog.
    52 | D        | Found a shimmering blue altar of Sif Muna.
    52 | D        | Found a viscous altar of Jiyva.
    52 | D        | Found a hazy altar of Hepliaklqana.
    52 | D        | Found an opulent altar of Gozag.
    53 | D        | Found a glowing golden altar of the Shining One.
    53 | D        | Found a glowing silver altar of Zin.
    53 | D        | Found a basalt altar of Yredelemnul.
    53 | D        | Found a shimmering altar of Xom.
    53 | D        | Found an ornate altar of the Wu Jian Council.
    53 | D        | Found a sacrificial altar of Ru.
    53 | D        | Found a stormy altar of Qazlal.
    53 | D        | Found an iron altar of Okawaru.
    53 | D        | Found a sparkling altar of Nemelex Xobeh.
    53 | D        | Found a burning altar of Makhleb.
    53 | D        | Found a blossoming altar of Fedhas.
    53 | D        | Found a white marble altar of Elyvilon.
    53 | D        | Found a shadowy altar of Dithmenos.
    53 | D        | Found a snail-covered altar of Cheibriados.
    57 | D        | Found a roughly hewn altar of Beogh.
    57 | D        | Found a corrupted altar of Lugonu.
    57 | D        | Found a radiant altar of Vehumet.
    58 | D        | Found a broken altar of Ashenzari.
    58 | D        | Found an ancient bone altar of Kikubaaqudgha.
    58 | D        | Found a hide-covered altar of Uskayaw.
    60 | D        | Became a worshipper of Gozag Ym Sagoz the Greedy
   471 | D        | Reached skill level 9 in Maces & Flails
   570 | D        | Noticed an orc warrior
   574 | D        | Noticed an orc warrior
   574 | D        | Noticed a black bear
   585 | D        | Killed an orc warrior
   586 | D        | Reached skill level 10 in Maces & Flails
   586 | D        | Reached XP level 6. HP: 59/60 MP: 6/6
   599 | D        | Killed an orc warrior
   600 | D        | Reached skill level 11 in Maces & Flails
   604 | D        | Reached XP level 7. HP: 33/68 MP: 7/7
   635 | D        | Reached skill level 12 in Maces & Flails
   919 | D        | Noticed a phantasmal warrior
   927 | D        | Killed a phantasmal warrior
   928 | D        | Reached skill level 13 in Maces & Flails
   928 | D        | Reached XP level 8. HP: 78/78 MP: 8/8
  1177 | D        | Noticed Duvessa
  1177 | D        | Noticed Dowan
  1188 | D        | Killed Dowan
  1205 | D        | Killed Duvessa
  1206 | D        | Reached skill level 14 in Maces & Flails
  1211 | D        | Reached skill level 10 in Fighting
  1218 | D        | Reached skill level 10 in Armour
  1218 | D        | Reached skill level 10 in Shields
  1469 | D        | Noticed a death yak
  1478 | D        | Killed a death yak
  1479 | D        | Reached skill level 15 in Maces & Flails
  1479 | D        | Reached XP level 9. HP: 69/86 MP: 9/9
  1786 | D        | Got the +2 morningstar of Brawling {pain, rCorr Stlth+}
  1887 | D        | Noticed Urug
  1895 | D        | Reached skill level 1 in Necromancy
  1897 | D        | Noticed a smoke demon
  1915 | D        | Killed a smoke demon
  1916 | D        | Reached skill level 16 in Maces & Flails
  1925 | D        | Slain by Urug

Illustrated notes

Levels and vault maps discovered:
D:        pitsprint [storerooms_1, entrance_room_1, metal_vault_5, armoury_1,
          mini_pit_1, grid_room_1, main_hall_1, silver_pit, the_coven_3,
          the_vestibule_1, steel_vault_3, golden_pit, hallway_of_sentries,
          crystal_vault_4, iron_vault_3, final_vault]

Skill      XL: |  1  2  3  4  5  6  7  8  9 |
---------------+----------------------------+-----
Fighting       | 6 7 8 9 10 11 | 11.2
Maces & Flails | 8 10 11 13 15 16 | 16.0
Armour         | 6 7 8 9 10 11 | 11.0
Shields        | 6 7 8 9 10 11 | 11.1
Necromancy     | 2 |  2.3

Action                     |  1- 3 |  4- 6 |  7- 9 || total
---------------------------+-------+-------+-------++-------
  Melee: Flail             |    35 |    43 |   121 ||   199
         Morningstar       |       |       |    22 ||    22
    Use: Potion            |       |     3 |    13 ||    16
   Stab: Invisible         |       |       |     4 ||     4
 Armour: Scale mail        |       |     7 |       ||     7
         Plate armour      |       |    19 |   108 ||   127
  Dodge: Dodged            |       |    13 |    25 ||    38
  Block: Buckler           |       |     6 |    34 ||    40

Table legend: (Time is in decaauts)
 A = Elapsed time spent in this place.
 B = Non-inter-level travel time spent in this place.
 C = Inter-level travel time spent in this place.
 D = Time resting spent in this place.
 E = Time spent auto-exploring this place.
 F = Levels seen in this place.
 G = Mean time per level.
                   A        B        C        D        E       F      G
               +--------+--------+--------+--------+--------+-----+--------+
         Total |   1915 |   1855 |     60 |   1308 |      0 |   1 | 1915.0 |
       Dungeon |   1915 |   1855 |     60 |   1308 |      0 |   1 | 1915.0 |
               +--------+--------+--------+--------+--------+-----+--------+

Top non-repeatable levels by time:
       D: 1915 daAuts
